 Dungeon Sprint DCSS version 0.21-a0-278-ga722497 (webtiles) character file.

949 Kidiri the Thaumaturge (level 7, -1/39 HPs)
             Began as a Deep Elf Fire Elementalist on Sept 22, 2017.
             Was a Follower of Vehumet.
             Killed from afar by a necromancer (18 damage)
             ... with a bolt of cold
             ... in the Dungeon (Sprint III: "The Ten Rune Challenge").
             The game lasted 00:04:28 (649 turns).

Kidiri the Thaumaturge (Deep Elf Fire Elementalist)  Turns: 649, Time: 00:04:28

Health: -1/39      AC:  2    Str:  7    XL:     7   Next: 89%
Magic:  22/27      EV: 14    Int: 22    God:    Vehumet [*.....]
Gold:   27         SH:  0    Dex: 15    Spells: 5/35 levels left

rFire    . . .     SeeInvis .   b - +0 dagger (curse)
rCold    . . .     Gourm    .   (no shield)
rNeg     . . .     Faith    .   a - +0 robe
rPois    .         Spirit   .   (no helmet)
rElec    .         Reflect  .   (no cloak)
rCorr    .         Harm     .   (no gloves)
MR       .....     NoTele   +   (no boots)
Stlth    ++........             (no amulet)
HPRegen  0.13/turn              j - ring of flight
MPRegen  0.20/turn              (no ring)

@: no status effects
A: sense surroundings 1, strong 1, wild magic 1
a: Renounce Religion, Evoke Flight


You were in the Dungeon.
You worshipped Vehumet.
Vehumet was aware of your devotion.
You were not hungry.

You visited 1 branch You collected 27 gold pieces.

Inventory:

Hand Weapons
 b - a cursed +0 dagger (weapon)
Armour
 a - a +0 robe (worn)
Jewellery
 j - a ring of flight (left hand)
Scrolls
 i - 2 scrolls of blinking
 n - a scroll of immolation
 p - 3 scrolls of remove curse
 q - a scroll of torment {unknown}
Potions
 d - 2 potions of curing
 f - a potion of haste
 g - 2 potions of magic
 h - a potion of berserk rage
 k - a potion of cancellation
 s - 2 potions of flight
 t - 3 potions of mutation
Books
 u - a book of Ice

   Spells                             Type                      Level
   a - Ice Form                       Ice/Transmutation            4
   b - Metabolic Englaciation         Hexes/Ice                    5
   c - Ozocubu's Refrigeration        Ice                          6
   d - Bolt of Cold                   Conjuration/Ice              6
   e - Freezing Cloud                 Conjuration/Ice/Air          6
   f - Simulacrum                     Ice/Necromancy               6
Comestibles
 c - a bread ration
 m - 2 meat rations
 r - 3 fruits


   Skills:
 + Level 1.7 Fighting
 + Level 2.1 Short Blades
 + Level 1.7 Armour
 + Level 3.7 Dodging
 - Level 2.4 Stealth
 * Level 14.5 Spellcasting
 + Level 9.0 Conjurations
 + Level 9.5 Fire Magic
 + Level 2.2 Ice Magic
 + Level 2.1 Air Magic


You had 5 spell levels left.
You knew the following spells:

 Your Spells              Type           Power        Failure   Level  Hunger
a - Flame Tongue          Conj/Fire      #####        1%          1    None
b - Throw Flame           Conj/Fire      ######       1%          2    None
c - Conjure Flame         Conj/Fire      ######..     1%          3    None
d - Inner Flame           Hex/Fire       #####...     3%          3    None
e - Sticky Flame          Conj/Fire      ######..     1%          4    None
f - Fireball              Conj/Fire      ######....   4%          5    ###....
g - Bolt of Cold          Conj/Ice       ######....   58%         6    #####..
h - Freezing Cloud        Conj/Ice/Air   #####.....   75%         6    #####..


Dungeon Overview and Level Annotations

Branches:
Dungeon (1/1)

Altars:
Dithmenos
Elyvilon
Kikubaaqudgha
Okawaru
Ru
Sif Muna
Trog
Uskayaw
Vehumet
Wu Jian
Yredelemnul
Zin
The Shining One
Beogh


Innate Abilities, Weirdness & Mutations

You passively map a small area around you.
Your muscles are strong. (Str +2)
Your spells are a little harder to cast, but a little more powerful.


Message History

The flame tongue hits the necrophage.
You destroy the necrophage!
Vehumet accepts your kill.
Your Short Blades skill increases to level 2!
Your Conjurations skill increases to level 9!
Your Air Magic skill increases to level 2!
The necromancer gestures wildly while chanting.
The necromancer binds the souls of nearby monsters.
The necromancer casts a spell at you.
Your body is wracked with pain!
You see here a necrophage corpse.
Casting: Flame Tongue
Confirm with . or Enter, or press ? or * to list all spells.
Aiming: Flame Tongue
Press: ? - help, Shift-Dir - straight line, f - necromancer
Aim: a necromancer, wielding a dagger and wearing a robe
Okay, then.
The necromancer points at you and mumbles some strange words.
The bolt of cold hits you!
You die...

▓▓▓▓ ▓▓▓ * ...♣♣
♣.############ ....♣
♣.#___#___#__# * ...♣♣♣
♣.#...#__)#$_#
...≈.♣♣♣♣.###+#+###'##
, ,
..≈≈♣..♣♣.#..........#,
.≈≈≈≈♣.♣..'.⌠..†@p...#,
, ,
.≈≈≈≈≈≈♣♣.#...######+#
* ≈≈≈≈≈≈....#)⌠.# * ,
≈≈≈≈≈.....#...#_ , ≈
≈≈≈.......#+### ,* ≈
..........#.[:# _ +,
..........#___# *
▓▓▓▓▓▓▓▓▓▓▓▓▓▓▓ * ** ≈
, * , ,


You could see a necromancer.

Vanquished Creatures
  A deep elf mage (D)
  A necrophage (D)
  A water elemental (D)
  A scorpion (D)
  A wizard (D)
  Jessica (D)
  3 humans (D)
  A kobold demonologist (D)
  An ooze (D)
  2 rats (D)
13 creatures vanquished.

Vanquished Creatures (others)
  2 draconian scorchers (D)
  A yaktaur (D)
  6 hellions (D)
9 creatures vanquished.

Grand Total: 22 creatures vanquished

Notes
Turn   | Place    | Note
-------+----------+-------------------------------------------
     0 | D        | Kidiri the Deep Elf Fire Elementalist began the quest for the Orb.
     0 | D        | Reached XP level 1. HP: 10/10 MP: 6/6
     7 | D        | Reached skill level 4 in Spellcasting
    63 | D        | Noticed Jessica
    65 | D        | Killed Jessica
    65 | D        | Reached skill level 6 in Spellcasting
    65 | D        | Reached XP level 2. HP: 15/15 MP: 6/11
    65 | D        | Reached XP level 3. HP: 19/19 MP: 6/12
    69 | D        | Learned a level 2 spell: Throw Flame
    73 | D        | Learned a level 3 spell: Conjure Flame
    77 | D        | Learned a level 3 spell: Inner Flame
    99 | D        | Killed a hellion
   100 | D        | Killed a hellion
   108 | D        | Killed a hellion
   111 | D        | Killed a hellion
   112 | D        | Killed a hellion
   120 | D        | Killed a hellion
   136 | D        | Noticed a scorpion
   144 | D        | Killed a scorpion
   144 | D        | Reached skill level 8 in Spellcasting
   144 | D        | Reached skill level 5 in Fire Magic
   144 | D        | Reached XP level 4. HP: 24/24 MP: 5/16
   150 | D        | Learned a level 4 spell: Sticky Flame
   170 | D        | Gained mutation: Your body sometimes deteriorates upon taking damage. [potion of mutation]
   170 | D        | Gained mutation: You are somewhat resistant to further mutation. [potion of mutation]
   171 | D        | Lost mutation: You are somewhat resistant to further mutation. [potion of mutation]
   171 | D        | Lost mutation: Your body sometimes deteriorates upon taking damage. [potion of mutation]
   171 | D        | Gained mutation: Your muscles are strong. (Str +2) [potion of mutation]
   171 | D        | Gained mutation: You expend magic power (3 MP) to strengthen your wands. [potion of mutation]
   171 | D        | Gained mutation: You are robust. (+10% HP) [potion of mutation]
   172 | D        | Lost mutation: You expend magic power (3 MP) to strengthen your wands. [potion of mutation]
   172 | D        | Lost mutation: You are robust. (+10% HP) [potion of mutation]
   172 | D        | Gained mutation: Your spells are a little harder to cast, but a little more powerful. [potion of mutation]
   172 | D        | Gained mutation: You passively map a small area around you. [potion of mutation]
   177 | D        | Killed a white draconian scorcher
   179 | D        | Killed a white draconian scorcher
   194 | D        | Killed a yaktaur
   252 | D        | Noticed a water elemental
   256 | D        | Killed a water elemental
   256 | D        | Reached skill level 10 in Spellcasting
   256 | D        | Reached skill level 5 in Conjurations
   256 | D        | Reached XP level 5. HP: 28/28 MP: 11/19
   264 | D        | Learned a level 5 spell: Fireball
   303 | D        | Found a radiant altar of Vehumet.
   304 | D        | Found a deep blue altar of Sif Muna.
   304 | D        | Found an ancient bone altar of Kikubaaqudgha.
   323 | D        | Became a worshipper of Vehumet
   382 | D        | Found a glowing silver altar of Zin.
   383 | D        | Found a glowing golden altar of the Shining One.
   383 | D        | Found a white marble altar of Elyvilon.
   383 | D        | Noticed a deep elf mage
   390 | D        | Killed a deep elf mage
   390 | D        | Reached skill level 13 in Spellcasting
   390 | D        | Reached XP level 6. HP: 20/32 MP: 14/24
   390 | D        | Reached XP level 7. HP: 22/36 MP: 15/26
   398 | D        | Learned a level 6 spell: Freezing Cloud
   409 | D        | Learned a level 6 spell: Bolt of Cold
   502 | D        | Found an ornate altar of the Wu Jian Council.
   502 | D        | Found a roughly hewn altar of Beogh.
   502 | D        | Found an iron altar of Okawaru.
   502 | D        | Found a bloodstained altar of Trog.
   502 | D        | Found a hide-covered altar of Uskayaw.
   502 | D        | Noticed a human
   504 | D        | Noticed a human
   508 | D        | Killed a human
   508 | D        | Reached skill level 1 in Fighting
   508 | D        | Reached skill level 1 in Short Blades
   508 | D        | Reached skill level 1 in Armour
   508 | D        | Reached skill level 14 in Spellcasting
   508 | D        | Reached skill level 1 in Ice Magic
   508 | D        | Reached skill level 1 in Air Magic
   512 | D        | Killed a human
   512 | D        | Reached * piety under Vehumet
   512 | D        | Offered knowledge of Sandblast by Vehumet.
   640 | D        | Found a basalt altar of Yredelemnul.
   640 | D        | Found a shadowy altar of Dithmenos.
   640 | D        | Found a sacrificial altar of Ru.
   649 | D        | Killed from afar by a necromancer

Vault maps used:
D:        dungeon_sprint_mu

Skill      XL: |  1  2  3  4  5  6  7 |
---------------+----------------------+-----
Spellcasting   | 6 8 10 13 14 | 14.5
Conjurations   | 3 4 5 8 9 |  9.0
Fire Magic     | 4 5 6 9 |  9.5
Fighting       | 1 |  1.7
Short Blades   | 2 |  2.1
Armour         | 1 |  1.7
Dodging        | 3 |  3.7
Ice Magic      | 2 |  2.2
Air Magic      | 2 |  2.1
Stealth        | |  2.4

Action                   |  1- 3 |  4- 6 |  7- 9 || total
-------------------------+-------+-------+-------++-------
 Cast: Flame Tongue      |    14 |     8 |     9 ||    31
       Throw Flame       |     1 |     1 |       ||     2
       Conjure Flame     |       |     1 |     1 ||     2
       Sticky Flame      |       |     3 |     2 ||     5
  Use: Potion            |       |     3 |     1 ||     4
       Scroll            |       |       |     2 ||     2
  Eat: Fruit             |       |       |     1 ||     1
Armor: Robe              |     1 |       |       ||     1
Dodge: Dodged            |     2 |     3 |       ||     5

Table legend:
 A = Spawn XP
 B = Non-spawn XP
 C = Spawn XP percentage of total XP
 D = Spawn monster count
 E = Non-spawn monster count
 F = Spawn count percentage of total count
 G = Total turns spent on level
                    A         B        C        D         E        F      G
               +---------+---------+-------+---------+---------+-------+---------
         Total |       0 |    1356 |   0.0 |       0 |      13 |   0.0 |   649
               +---------+---------+-------+---------+---------+-------+---------
             D |       0 |    1356 |   0.0 |       0 |      13 |   0.0 |   649
               +---------+---------+-------+---------+---------+-------+---------
